Map: Magannatha LE

Players

Loki - Winner!

  • Race: Protoss Protoss
  • League: Diamond
  • Spawn Location: 5:00

BaneEnjoyer

  • Race: Zerg Zerg
  • League: Platinum
  • Spawn Location: 11:00

VOD

Have the link to the VOD?

Description

Time

  • Played on: July 6, 2025, 8:43 p.m.
  • Length: 12:17
Show
View Real Time Build Order
Export as new Build Order

Loki Protoss - Winner!

Build Orders: 1 Gate Expand, Archon Immortal 

Get SALT Encoding   

  12  0:01  Probe  
  13  0:13  Probe  
  14  0:23  Pylon  
  14  0:25  Probe  
  15  0:37  Probe  
  16  0:45  Probe  
  17  0:55  Gateway, Probe  
  18  1:08  Probe  
  19  1:20  Nexus  
  19  1:24  Probe  
  20  1:29  Assimilator  
  20  1:36  Probe  
  21  1:43  Cybernetics Core  
  21  1:47  Probe  
  22  1:55  Probe, Pylon  
  23  2:03  Gateway  
  23  2:05  Warp Gate  
  23  2:13  Probe  
  24  2:19  Adept  
  26  2:24  Shield Battery  
  26  2:28  Assimilator  
  26  2:29  Probe  
  27  2:37  Pylon  
  27  2:41  Probe  
  28  2:53  Probe, Pylon  
  28  2:54  Probe  
  28  2:58  Zealot  
  32  3:06  Twilight Council  
  32  3:10  Pylon  
  32  3:18  Pylon  
  32  3:25  Gateway  
  32  3:26  Probe  
  33  3:36  Assimilator  
  33  3:37  Probe, Assimilator  
  33  3:38  Probe  
  35  3:54  Stalker  
  35  3:55  Stalker  
  39  4:04  Probe  
  39  4:05  Probe  
  41  4:13  Dark Shrine  
  41  4:14  Charge  
  41  4:16  Probe  
  41  4:17  Probe  
  41  4:21  Zealot  
  43  4:27  Adept x2  
  43  4:30  Probe x2  
  49  4:42  Probe x2  
  49  4:45  Gateway  
  51  5:05  Robotics Facility  
  47  5:07  Pylon  
  47  5:14  Probe x2  
  49  5:26  Probe x2, Dark Templar  
  49  5:27  Dark Templar  
  49  5:28  Dark Templar  
  57  5:40  Dark Templar  
  59  5:44  Probe x2  
  61  5:59  Immortal  
  63  6:20  Zealot  
  63  6:21  Zealot x3  
  71  6:28  Templar Archives  
  71  6:29  Gateway  
  71  6:30  Pylon  
  71  6:43  Immortal  
  71  6:45  Zealot  
  77  6:49  Nexus  
  77  6:51  Pylon  
  77  6:52  Archon  
  77  6:56  Probe, Pylon  
  77  6:57  Probe  
  79  7:01  Forge  
  79  7:07  Psionic Storm  
  79  7:09  Probe x2  
  79  7:10  Dark Templar  
  79  7:11  Zealot, Dark Templar x2  
  79  7:15  Archon  
  89  7:16  Archon  
  89  7:22  Observer  
  89  7:23  Probe x2  
  89  7:26  Protoss Ground Weapons Level 1  
  92  7:30  High Templar  
  92  7:34  Assimilator  
  92  7:35  Probe x2  
  96  7:39  Photon Cannon  
  96  7:42  High Templar  
  96  7:44  Zealot x2  
  102  7:59  Pylon  
  102  8:01  Probe x2  
  102  8:02  Pylon  
  102  8:04  Probe  
  105  8:06  Photon Cannon  
  105  8:09  Zealot, High Templar  
  105  8:10  High Templar  
  111  8:13  Probe x2  
  111  8:16  Probe  
  114  8:24  Zealot  
  116  8:31  Probe x3  
  119  8:34  Assimilator  
  119  8:38  Gateway  
  119  8:39  Gateway  
  119  8:41  Gateway  
  119  8:42  Pylon  
  119  8:43  Photon Cannon  
  119  8:45  Shield Battery  
  119  8:46  Probe x3  
  116  9:14  Immortal  
  116  9:15  Protoss Ground Weapons Level 2  
  87  9:41  Zealot x5  
  87  9:42  Zealot x3  
  95  9:48  Immortal  
  95  9:53  Probe x3  
  95  9:54  Robotics Facility  
  102  10:00  Photon Cannon  
  102  10:02  High Templar  
  102  10:03  High Templar x3  
  102  10:06  Dark Templar x4  
  118  10:11  Archon x2  
  118  10:17  Pylon  
  118  10:24  Photon Cannon  
  118  10:27  Immortal  
  122  10:37  Zealot  
  122  10:38  Zealot x2, Pylon  
  122  10:39  Zealot x3  
  122  10:40  Zealot x2  
  138  10:45  Observer  
  139  10:51  Photon Cannon  
  139  11:03  Robotics Bay  
  139  11:05  Nexus  
  139  11:06  Probe, Observer  
  139  11:07  Probe x2  
  139  11:09  Pylon  
  143  11:14  Pylon  
  143  11:16  Assimilator  
  143  11:19  Zealot x5  
  143  11:20  Zealot x2  
  157  11:29  Stargate  
  157  11:38  Zealot  
  145  12:00  Zealot x4  
  145  12:01  Zealot  
Show
View Real Time Build Order
Export as new Build Order

BaneEnjoyer Zerg 

Build Orders: Hatch First 

Get SALT Encoding   

  12  0:00  Drone  
  13  0:12  Overlord  
  13  0:24  Drone  
  14  0:31  Drone x2  
  16  0:47  Hatchery  
  15  0:50  Drone  
  15  0:56  Drone  
  17  0:58  Drone  
  17  1:01  Extractor  
  17  1:15  Spawning Pool  
  17  1:18  Drone  
  17  1:23  Drone  
  18  1:29  Drone  
  19  2:03  Queen  
  19  2:04  Queen, Metabolic Boost  
  23  2:10  Zergling x6  
  23  2:12  Drone x2  
  28  2:21  Overlord  
  28  2:39  Hatchery  
  27  2:53  Drone x4  
  27  2:55  Drone x2  
  27  2:57  Queen  
  35  3:04  Overlord  
  35  3:18  Drone  
  35  3:19  Overlord  
  35  3:26  Overlord x2  
  35  3:27  Drone  
  35  3:28  Drone x2  
  35  3:31  Queen  
  40  3:41  Drone x2  
  40  3:42  Drone x2  
  40  3:43  Extractor  
  43  3:51  Roach Warren  
  42  3:58  Drone x4  
  45  4:18  Overlord  
  45  4:20  Zergling x8  
  49  4:39  Roach x8  
  65  5:07  Drone x10  
  65  5:10  Lair  
  74  5:36  Overlord x3  
  74  5:37  Overlord x4  
  70  5:51  Spore Crawler  
  70  5:54  Spore Crawler  
  70  5:57  Roach x6  
  77  6:10  Overseer x2  
  71  6:23  Hatchery  
  70  6:25  Drone x2  
  70  6:26  Drone x5  
  70  6:31  Spore Crawler  
  76  6:33  Glial Reconstitution  
  76  6:38  Drone x2  
  78  6:57  Roach x3  
  78  7:01  Baneling Nest  
  83  7:04  Extractor  
  82  7:13  Zergling x2  
  82  7:14  Zergling x16  
  91  7:17  Hatchery  
  90  7:32  Drone  
  90  7:33  Drone x2  
  93  7:40  Ravager  
  93  7:41  Ravager x2  
  96  7:44  Drone x6  
  96  7:48  Extractor  
  96  7:50  Drone  
  96  7:51  Drone  
  103  8:00  Extractor  
  102  8:09  Ravager x3  
  105  8:15  Drone x6  
  111  8:34  Hydralisk Den  
  111  8:35  Drone x7  
  117  8:48  Roach x5  
  127  8:50  Overlord x4  
  116  9:13  Roach x9  
  129  9:24  Roach x3  
  122  9:30  Zergling x2  
  122  9:31  Zergling x2  
  105  9:38  Zergling x6  
  92  9:47  Drone x3  
  92  9:48  Queen  
  97  9:55  Drone x4  
  97  9:56  Queen  
  103  10:02  Evolution Chamber  
  103  10:03  Evolution Chamber  
  103  10:07  Overlord x2  
  101  10:08  Overseer x3  
  101  10:11  Drone x5  
  101  10:12  Drone  
  107  10:20  Muscular Augments  
  107  10:21  Hydralisk x4  
  107  10:28  Infestation Pit  
  114  10:30  Ravager x5  
  114  10:32  Extractor  
  114  10:33  Drone x3  
  114  10:35  Extractor  
  120  10:42  Drone x7  
  127  10:47  Hydralisk x3  
  127  10:49  Extractor  
  132  10:56  Hydralisk x3  
  138  11:01  Drone  
  139  11:23  Zergling x2  
  139  11:24  Zergling x32, Grooved Spines  
  139  11:25  Hatchery  
  155  11:32  Hydralisk  
  155  11:33  Hydralisk  
  155  11:38  Overlord x5  
  153  11:54  Roach x7  
Tags
 
Add a new tag
Caveats
  • Supply blocks, unpowered buildings, or Contaminate may cause inaccurate times.
  • Supply counts are checked every 10 seconds.